 Dungeon Crawl Stone Soup version 0.21.0 (webtiles) character file.

838489 Gaball the Conqueror (level 27, -12/199 HPs)
             Began as a Gargoyle Berserker on Jan 5, 2018.
             Was a High Priest of Trog.
             Killed from afar by a hellion (28 damage)
             ... with damnation
             ... on level 6 of Gehenna on Jan 6, 2018.
             The game lasted 06:03:55 (81192 turns).

Gaball the Conqueror (Gargoyle Berserker)          Turns: 81192, Time: 06:03:56

Health: -12/199    AC: 61    Str: 31    XL:     27
Magic:  12/12      EV: 37    Int: 15    God:    Trog [*****.]
Gold:   3266       SH:  0    Dex: 15    Spells: 26/26 levels left

rFire    + + .     SeeInvis +   h - +9 great mace (antimagic)
rCold    + . .     Gourm    .   (shield currently unavailable)
rNeg     + + +     Faith    +   b - +10 pearl dragon scales
rPois    ∞         Spirit   .   f - +2 hat of the Evening Star {rC+ rN+}
rElec    +         Reflect  .   s - scarf {repulsion}
rCorr    .         Harm     .   F - +1 pair of gloves "Ifonaluozukk" {Str+6}
MR       ++++.                  w - +1 pair of boots of Ocoafis {rF+ Int+4 SInv}
Stlth    ..........             L - amulet of faith
HPRegen  1.00/turn              j - ring of Phasing {EV+8}
MPRegen  0.13/turn              M - ring of protection from fire

@: very slightly contaminated, regenerating, studying 3 skills, repel missiles
A: big wings, beak, blurry vision 1, mutation resistance 1, negative energy
resistance 1, electricity resistance, inhibited regeneration, unbreathing,
petrification resistance, rot immunity, AC +20
}: 5/15 runes: decaying, silver, iron, bone, gossamer
a: Fly, Berserk, Trog's Hand, Brothers in Arms, Burn Spellbooks, Renounce
Religion


You were on level 6 of Gehenna.
You worshipped Trog.
Trog was extremely pleased with you.
You were hungry.

You visited 14 branches of the dungeon, and saw 68 of its levels.
You also visited: Trove and Ice Cave.

You collected 8732 gold pieces.
You spent 5466 gold pieces at shops.

Inventory:

Hand Weapons
 h - a +9 antimagic great mace (weapon)
 i - the +6 hunting sling "Iluyher" {velocity, rN++}
   (Trog gifted it to you on level 3 of the Iron City of Dis)

   Any stone fired from it inflicts extra damage.
   It greatly protects you from negative energy.
 q - a +7 great mace of holy wrath
Missiles
 e - 13 poisoned javelins (quivered)
 u - 25 stones
Armour
 b - +10 pearl dragon scales (worn)
 f - the +2 hat of the Evening Star (worn) {rC+ rN+}
   (You found it on level 12 of the Dungeon)

   It protects you from cold.
   It protects you from negative energy.
 s - a scarf of repulsion (worn)
 w - the +1 pair of boots of Ocoafis (worn) {rF+ Int+4 SInv}
   (You found it on level 5 of the Dungeon)

   It affects your intelligence (+4).
   It protects you from fire.
   It lets you see invisible.
 F - the +1 pair of gloves "Ifonaluozukk" (worn) {Str+6}
   (You bought it in a shop on level 11 of the Dungeon)

   It affects your strength (+6).
Jewellery
 j - the ring of Phasing (left hand) {EV+8}
   (You bought it in a shop on level 3 of the Depths)

   [ring of evasion]

   It affects your evasion (+8).
 n - an uncursed ring of resist corrosion
 v - the amulet of the Barracuda {rN+ Regen+}
   (You found it on level 3 of the Crypt)

   [amulet of regeneration]

   It protects you from negative energy.
   It increases your rate of regeneration.
 H - a +2 ring of slaying
 L - an amulet of faith (around neck)
 M - a ring of protection from fire (right hand)
 O - an uncursed ring of protection from cold
Wands
 E - a wand of clouds (24)
 N - a wand of digging (35)
 V - a wand of polymorph (42)
Scrolls
 d - a scroll of identify
 l - 20 scrolls of remove curse
 m - 6 scrolls of fear
 o - 2 scrolls of summoning
 r - 9 scrolls of fog
 A - a scroll of enchant armour
 B - 4 scrolls of holy word
 C - a scroll of silence
 S - 3 scrolls of torment
 T - 5 scrolls of brand weapon
 U - 13 scrolls of teleportation
 W - 2 scrolls of acquirement
 Y - 6 scrolls of magic mapping
Potions
 a - 4 potions of invisibility
 g - 11 potions of curing
 t - a potion of haste
 z - 3 potions of mutation
 D - 7 potions of brilliance
 J - 2 potions of resistance
 K - 5 potions of heal wounds
 R - 7 potions of ambrosia
Books
 k - a manual of Throwing
 G - a manual of Slings
 X - a manual of Maces & Flails
Miscellaneous
 p - a phial of floods
 y - the horn of Geryon
 Q - a lightning rod (4/4)
Comestibles
 c - 21 rations


   Skills:
 O Level 27 Fighting
 - Level 20.0 Maces & Flails
 - Level 11.9 Throwing
 O Level 27 Armour
 + Level 26.2 Dodging
 + Level 18.3 Evocations


You had 26 spell levels left.
You didn't know any spells.

Dungeon Overview and Level Annotations

Branches:
Dungeon (15/15)            Temple (0/1) D:5            Lair (6/6) D:11
  Swamp (4/4) Lair:2       Spider (4/4) Lair:4        Slime (0/5) Lair:6
    Orc (2/2) D:11            Elf (3/3) Orc:2        Vaults (5/5) D:14
  Crypt (3/3) Vaults:2       Tomb (1/3) Crypt:3      Depths (5/5) D:15
   Hell (1/1)                 Dis (7/7) Hell            Geh (4/7) Hell
    Coc (0/7) Hell            Tar (7/7) Hell
    Zot: Depths:5

Altars:
Elyvilon
Hepliaklqana
Kikubaaqudgha
Makhleb
Nemelex Xobeh
Okawaru
Sif Muna
Uskayaw
Vehumet
Xom
Yredelemnul
Zin
Beogh

Shops:
D:4 [   D:5 *   D:9 (   D:11 *   D:13 }   Orc:2 ::[[   Elf:1 !**!   Elf:2 =%[}(
Depths:1 *   Depths:3 [%?(=

Portals:
Hell: Depths:1 Depths:2 Depths:3 Depths:4
Abyss: Depths:1 Depths:4
Pandemonium: Depths:3
Ziggurat: Depths:3

Annotations:
D:4 exclusion: door
D:7 exclusion: statue, Pikel
D:10 4 exclusions
D:11 1 exclusion
Orc:2 exclusion: door
Dis:4 exclusion: 2 doors


Innate Abilities, Weirdness & Mutations

You are resistant to torment.
Your stone body is resilient. (AC +20)
You are immune to poison.
Your large and strong wings let you fly indefinitely.
You resist negative energy. (rN+)
You are resistant to electric shocks. (rElec)
You can survive without breathing.
You are immune to petrification.
You are immune to rotting.
You have a beak for a mouth.
Scrolls take you a little longer to read.
You are somewhat resistant to further mutation.
You do not regenerate when monsters are visible.


Message History

The hellion gestures at you.
The sphere of damnation explodes!
The damnation engulfs you! The Brimstone Fiend gestures at you.
The sphere of damnation explodes!
The damnation engulfs you!
* * * LOW HITPOINT WARNING * * *
The Brimstone Fiend calls on the powers of darkness!
The fire giant convulses!
Your body is wracked with pain!
* * * LOW HITPOINT WARNING * * *
The fire giant convulses!
You hear a shout! x2; You hear an angry squeal.
You hear a shout!
Found four escape hatches in the floor.
Okay, then.
Okay, then.
Okay, then.
The hellion gestures at you.
The sphere of damnation explodes!
The damnation engulfs you!
* * * LOW HITPOINT WARNING * * *
The hellion gestures at you.
The sphere of damnation explodes!
The damnation engulfs you!
You die... #....# #...# ''Z''''

#...# '''.2.. +...##
h''.2>. #.§.(### ''Z2>>.
##.§≈...#### '''1...
.###..§#≈.....###'2'ZC''
......≈##≈.....#.'12C'1'
.§..§...≈≈......@.'''''''
.≈≈§§.......>............
≈§≈≈.......###...........
≈≈§...#....###....#####..
#....###'#.......## .
)...###..##......#
##..##)...##≈≈≈...
.#..#......###≈≈...
.#..'......# #≈≈§≈≈≈


You could see a Hell Sentinel, 2 Brimstone Fiends, 2 fire giants, a reaper, 4
hellions, a quicksilver dragon zombie, an anaconda skeleton and an ice dragon
skeleton.

Vanquished Creatures
  Ereshkigal (Tar:7)
  Khufu (Crypt:1)
  2 ancient liches (Tar:7)
  Mara (Vaults:5)
  Mennas (Depths:3)
  A juggernaut (Depths:4)
  A greater mummy (Crypt:3)
  Saint Roka (Depths:4)
  Bai Suzhen (Crypt:1)
  Margery (Depths:4)
  Geryon (Hell)
  A caustic shrike (Depths:4)
  Nikola (Swamp:4)
  A golden dragon (Vaults:4)
  A profane servitor (Crypt:3)
  The ghost of grindst0ne the Markscentaur, an adept CeHu of Okawaru (Elf:3)
  the Enchantress (Depths:4)
  19 bone dragons
  19 doom hounds
  Jorgrun (Swamp:4)
  34 Tzitzimimeh
  21 Brimstone Fiends
  8 liches
  4 iron giants
  8 Hell Sentinels
  A deep elf master archer (Elf:3)
  5 Ice Fiends
  4 tentacled monstrosities
  2 deep elf blademasters (Elf:3)
  Asterion (Spider:4)
  4 titans (Vaults:5)
  4 quicksilver dragons
  8 Executioners
  7 sphinxes
  6 eldritch tentacles
  17 ancient champions
  4 thorn hunters
  3 storm dragons
  5 tengu reavers
  19 shadow dragons
  3 revenants
  Donald (Vaults:3)
  9 frost giants
  5 fire giants
  7 iron dragons
  Aizul (Swamp:1)
  22 vault wardens
  2 emperor scorpions
  5 deep elf elementalists
  An orc warlord (Orc:2)
  6 deep elf sorcerers
  3 ghost moths (Spider:4)
  7 balrugs
  14 ironheart preservers
  78 reapers
  12 ghouls
  4 cacodemons
  A caustic shrike zombie (Hell)
  15 war gargoyles
  6 spriggan defenders
  20 stone giants
  24 very ugly things
  16 vampire knights
  Nessos (Lair:4)
  6 deep elf demonologists
  4 entropy weavers
  A green draconian (Depths:5)
  9 deep elf annihilators
  9 spark wasps
  A red draconian (Depths:5)
  2 eidola (Crypt:2)
  2 green deaths
  10 deep elf death magi
  9 ettins
  10 fire dragons
  2 blizzard demons (Hell)
  4 mummy priests
  19 jiangshi
  7 quicksilver dragon zombies
  10 great orbs of eyes
  10 ogre magi
  8 deep elf high priests
  Erolcha (D:9)
  7 rakshasas
  37 vault guards
  9 yaktaur captains
  9 ice dragons
  11 death knights
  6 quicksilver dragon skeletons
  23 hydras
  7 spriggan air magi
  3 catoblepae (Lair:6)
  A hell beast (Dis:4)
  3 ghost crabs
  34 dancing weapons
  10 alligators
  12 centaur warriors
  14 death yaks
  37 two-headed ogres
  7 deep troll shamans
  15 tengu warriors
  8 deep troll earth magi
  20 hell hogs
  4 spriggan berserkers
  A naga sharpshooter (Depths:4)
  9 vampire magi
  5 orc high priests
  6 titan zombies
  9 storm dragon zombies
  14 sun demons
  22 deep elf knights
  4 large abominations
  12 soul eaters
  Nergalle (Orc:1)
  13 iron golems
  63 hell knights
  Sonja (Lair:1)
  6 small abominations
  122 skeletal warriors
  A death drake (Tar:1)
  6 titan skeletons
  5 shadow wraiths
  7 ghost moth zombies
  An entropy weaver zombie (Crypt:2)
  16 flayed ghosts
  4 glowing orange brains
  4 iron trolls
  A salamander mystic (Depths:4)
  8 deep elf archers
  6 storm dragon skeletons
  3 spriggan druids
  15 deep trolls
  6 swamp dragons
  4 unseen horrors
  15 shadow demons
  3 golden dragon zombies
  2 shambling mangroves (Swamp:4)
  35 phantasmal warriors
  5 wizards
  6 shadow dragon zombies
  2 lindwurms (Depths:5)
  6 anaconda zombies
  2 sphinx zombies (Hell)
  4 anaconda skeletons
  14 orc knights
  A harpy (shapeshifter) (D:15)
  A golden dragon skeleton (Crypt:1)
  7 orc sorcerers
  A spectral wolf spider (Crypt:3)
  10 ironbrand convokers
  36 deep elf magi
  3 harpies (Vaults:2)
  26 necromancers
  12 orb spiders
  11 fire giant zombies
  35 wolf spiders
  8 frost giant zombies
  A wolf spider (shapeshifter) (Vaults:5)
  3 iron dragon zombies
  59 ugly things
  12 cyclopes
  10 wolf spider zombies
  6 stone giant zombies
  A centaur zombie (D:7)
  5 manticores
  10 elephants
  5 fire giant skeletons
  5 iron dragon skeletons
  A manticore (shapeshifter) (Depths:1)
  2 shadow dragon skeletons
  A shock serpent zombie (Tar:6)
  4 frost giant skeletons
  3 moths of wrath
  2 ice statues (Hell)
  2 guardian serpents (shapeshifter)
  5 black mambas
  52 rust devils
  16 vault sentinels
  A black mamba (shapeshifter) (Vaults:5)
  7 dire elephant zombies
  3 salamanders (Depths:5)
  2 guardian serpents (Depths:4)
  6 smoke demons
  A torpor snail (Spider:2)
  2 molten gargoyles (Geh:2)
  3 orange demons (Hell)
  A gargoyle (D:15)
  A black draconian zombie (Crypt:2)
  2 stone giant skeletons
  A shock serpent skeleton (Geh:1)
  A yaktaur zombie (Vaults:2)
  17 spiny frogs
  A kobold demonologist (D:13)
  A spiny frog (shapeshifter) (Vaults:3)
  A rime drake (Lair:5)
  A storm dragon simulacrum (Vaults:3)
  28 hellions
  3 spriggan zombies
  9 demonic crawlers
  45 tormentors
  An anaconda simulacrum (Hell)
  5 dire elephant skeletons
  51 yaktaurs
  27 freezing wraiths
  6 komodo dragons
  3 emperor scorpion zombies
  A rime drake (shapeshifter) (D:15)
  3 efreet
  A redback zombie (D:15)
  3 catoblepas zombies
  A sea snake zombie (Crypt:2)
  A minotaur zombie (Dis:7)
  14 ice devils
  17 red devils
  2 catoblepas skeletons (Geh:1)
  8 tengu conjurers
  13 trolls
  A yaktaur skeleton (Vaults:2)
  9 polar bears
  5 harpy zombies
  38 jumping spiders
  5 guardian mummies
  A queen ant zombie (Crypt:2)
  5 silent spectres
  A meliai (Lair:6)
  A meliai (shapeshifter) (Vaults:2)
  A troll (shapeshifter) (Vaults:1)
  A raiju (shapeshifter) (Vaults:2)
  18 hornets
  A sea snake skeleton (Crypt:2)
  A wind drake (shapeshifter) (Vaults:5)
  A shadow dragon simulacrum (Hell)
  15 hydra zombies
  A hornet (shapeshifter) (Vaults:1)
  Prince Ribbit (D:7)
  2 tyrant leeches
  A wind drake (Depths:5)
  6 alligator zombies
  3 harpy skeletons
  33 slime creatures
  2 fire giant simulacra
  5 hippogriffs
  6 hydra skeletons
  4 bog bodies
  19 blink frogs
  A meliai zombie (D:12)
  5 fire dragon zombies
  9 ettin zombies
  8 ice dragon zombies
  12 spriggans
  69 redbacks
  52 shadows
  An air elemental (Elf:3)
  37 wraiths
  6 fire dragon skeletons
  4 ice dragon skeletons
  132 flying skulls
  6 vampires
  5 water elementals
  3 alligator skeletons
  A black mamba zombie (Dis:4)
  7 basilisks
  A black mamba skeleton (Geh:2)
  18 tarantellas
  7 fire bats
  A steam dragon (Lair:4)
  2 basilisks (shapeshifter)
  2 wyverns
  18 fire elementals
  3 hungry ghosts
  45 yaks
  26 vampire mosquitoes
  13 insubstantial wisps
  17 swamp worms
  3 wargs
  2 merfolk zombies
  2 nagas (Depths:4)
  A spatial vortex (Tar:1)
  4 acid dragons
  17 water moccasins
  5 spiny frog zombies
  A faun skeleton (Crypt:1)
  2 floating eyes (Depths:4)
  82 hell hounds
  3 slaves (D:7)
  7 porcupines
  52 orc warriors
  5 black bears
  4 ice beasts
  18 swamp drakes
  2 manticore zombies
  7 sky beasts
  A black bear (shapeshifter) (Vaults:1)
  8 phantoms
  3 snapping turtle zombies
  A black mamba simulacrum (Crypt:3)
  3 elephant zombies
  2 swamp dragon zombies (Dis:7)
  33 necrophages
  28 ogres
  12 wolves
  20 boggarts
  16 centaurs
  A crocodile (shapeshifter) (Vaults:5)
  A lindwurm zombie (Crypt:1)
  10 crocodiles
  5 big kobolds
  An elf zombie (D:7)
  A hog skeleton (Crypt:2)
  2 earth elementals
  13 bullfrogs
  5 scorpions
  A hornet simulacrum (D:9)
  A swamp dragon simulacrum (Crypt:1)
  3 killer bees (D:9)
  132 wights
  6 electric eels
  11 crimson imps
  6 human zombies
  A quasit (D:13)
  5 bullfrog zombies
  A basilisk zombie (Lair:4)
  36 iron imps
  11 jellies
  35 orc priests
  5 bullfrog skeletons
  A gnoll shaman (D:7)
  3 hounds
  3 human skeletons
  7 centaur skeletons
  2 iguanas
  25 orc wizards
  A basilisk skeleton (Crypt:2)
  8 worker ants
  A killer bee zombie (D:8)
  A naga zombie (Geh:2)
  An ogre skeleton (Geh:1)
  11 mummies
  A hound zombie (D:5)
  A hound skeleton (D:11)
  A worker ant zombie (D:11)
  Robin (D:2)
  7 gnolls
  8 adders
  27 shadow imps
  15 white imps
  An ooze (D:4)
  An adder skeleton (D:3)
  An adder zombie (D:6)
  A halfling skeleton (Crypt:2)
  2 worms
  2 dart slugs (D:1)
  8 leopard geckos
  114 orcs
  6 giant cockroaches
  15 goblins
  14 hobgoblins
  5 jackals
  22 kobolds
  3 quokkas
  A ball python (D:5)
  3 ball python zombies
  5 bats
  A dart slug zombie (Crypt:1)
  4 frilled lizards
  A kobold zombie (Geh:1)
  An orc zombie (D:7)
  A quokka skeleton (D:8)
  5 rats
  A rat skeleton (Crypt:1)
  2 crawling corpses (Elf:3)
3685 creatures vanquished.

Vanquished Creatures (collateral kills)
  Dispater (Dis:7)
  An iron giant (Dis:3)
  2 Tzitzimimeh (Tar:7)
  A Brimstone Fiend (Dis:7)
  A lich (Depths:1)
  An Ice Fiend (Dis:7)
  A quicksilver dragon (Dis:7)
  A deep elf master archer (Elf:3)
  An ancient champion (Dis:3)
  A ghost moth (Spider:2)
  An orc warlord (Orc:2)
  A cacodemon (Dis:7)
  A ghoul (Vaults:1)
  2 ironheart preservers
  4 very ugly things (Depths:3)
  A reaper (Tar:7)
  A lorocyproca (Dis:5)
  2 entropy weavers
  A deep elf demonologist (Elf:3)
  A spark wasp (Spider:4)
  An ettin (Orc:2)
  A mummy priest (Crypt:3)
  A quicksilver dragon skeleton (Tar:7)
  A fire dragon (Depths:3)
  2 great orbs of eyes
  5 vault guards (Vaults:5)
  3 hydras
  2 yaktaur captains
  2 two-headed ogres
  A dancing weapon (Elf:3)
  A hell hog (Geh:6)
  A deep troll earth mage (Depths:3)
  An ogre mage (Vaults:1)
  A death yak (Lair:6)
  A tengu warrior (Depths:1)
  A deep troll shaman (Depths:3)
  3 hell knights (Dis:7)
  2 spriggans
  A titan zombie (Dis:5)
  A soul eater (Tar:7)
  3 skeletal warriors (Tar:7)
  3 deep trolls (Depths:3)
  A shadow dragon zombie (Dis:5)
  3 necromancers (Dis:7)
  A swamp dragon (Swamp:4)
  A deep elf mage (Elf:3)
  A phantasmal warrior (Tar:7)
  2 orb spiders (Spider:4)
  8 wolf spiders (Spider:4)
  2 stone giant zombies
  A cyclops (D:10)
  A frost giant zombie (Geh:6)
  An ugly thing (Depths:3)
  A dire elephant zombie (Tar:7)
  An elephant (Lair:6)
  2 rust devils (Dis:7)
  A hellion (Dis:7)
  A spiny frog (Lair:6)
  A freezing wraith (Vaults:1)
  2 tormentors
  An ice devil (Dis:7)
  3 guardian mummies (Crypt:3)
  A troll (D:11)
  4 hornets
  An ettin zombie (Dis:2)
  A blink frog (Lair:3)
  A fire dragon zombie (Dis:5)
  A slime creature (Vaults:1)
  An ice dragon zombie (Dis:6)
  5 redbacks (Spider:4)
  A tarantella (Spider:4)
  A yak (Lair:6)
  A warg (Orc:2)
  A floating eye (shapeshifter) (Vaults:5)
  2 hell hounds (Dis:5)
  4 ogres
  An orc warrior (Orc:2)
  A necrophage (Tar:7)
  2 wolves (Lair:6)
  2 wights (Geh:6)
  A hound (D:11)
  2 iron imps
  An orc wizard (D:9)
  A worker ant (D:11)
  2 orcs
  3 crawling corpses (Elf:3)
140 creatures vanquished.

Vanquished Creatures (others)
  An iron giant (Dis:7)
  A quicksilver dragon (Dis:7)
  2 eldritch tentacles (Geh:2)
  2 hell hogs (Geh:6)
  A spriggan berserker (Swamp:4)
  A deep elf knight (Elf:3)
  A rust devil (Dis:7)
  A hellion (Tar:6)
  A jumping spider (Spider:4)
  A harpy skeleton (Dis:2)
  A tarantella (Spider:4)
  An ettin skeleton (Geh:2)
  2 redbacks
  A shadow (Geh:2)
  A hell hound (Dis:7)
  A necrophage (Tar:7)
  A wolf (IceCv)
  2 wights
  A white imp (Hell)
  A kobold zombie (Dis:1)
  5 briar patches (Swamp:1)
  9 fungi
  10 plants
48 creatures vanquished.

Grand Total: 3873 creatures vanquished

Notes
Turn   | Place    | Note
-------+----------+-------------------------------------------
     0 | D:1      | Gaball the Gargoyle Berserker began the quest for the Orb.
     0 | D:1      | Reached XP level 1. HP: 14/14 MP: 1/1
    49 | D:1      | Reached XP level 2. HP: 8/19 MP: 2/2
   605 | D:1      | Reached XP level 3. HP: 20/23 MP: 3/3
   617 | D:1      | Reached ** piety under Trog
  1168 | D:2      | Reached XP level 4. HP: 28/28 MP: 4/4
  1208 | D:2      | Noticed Robin
  1484 | D:2      | Killed Robin
  1484 | D:2      | Reached skill level 5 in Maces & Flails
  1722 | D:3      | Reached *** piety under Trog
  2139 | D:3      | Found a hide-covered altar of Uskayaw.
  2331 | D:4      | Reached XP level 5. HP: 32/32 MP: 5/5
  2388 | D:4      | Found Louplawk's Armour Boutique.
  3227 | D:3      | Reached XP level 6. HP: 37/37 MP: 6/6
  3424 | D:4      | Bought a scarf of repulsion for 156 gold pieces
  3448 | D:5      | Entered Level 5 of the Dungeon
  3696 | D:5      | Noticed a sky beast
  3722 | D:5      | Killed a sky beast
  3867 | D:5      | Found a staircase to the Ecumenical Temple.
  3874 | D:5      | Reached XP level 7. HP: 38/41 MP: 7/7
  3938 | D:5      | Got a pair of translucent boots
  3944 | D:5      | Identified the +1 pair of boots of Ocoafis {rF+ Int+4 SInv} (You found it on level 5 of the Dungeon)
  3950 | D:5      | Found Zin's Purification Station.
  3952 | D:5      | Found a glowing silver altar of Zin.
  4225 | D:6      | Got a clouded steel ring
  4226 | D:6      | Identified the ring "Jeifih" {Wiz rPois MP+9 Str-2} (You found it on level 6 of the Dungeon)
  4590 | D:6      | Reached XP level 8. HP: 46/46 MP: 8/8
  4677 | D:6      | Reached **** piety under Trog
  4945 | D:6      | Reached skill level 10 in Maces & Flails
  5397 | D:6      | Found a deep blue altar of Sif Muna.
  5611 | D:7      | Noticed Prince Ribbit
  5936 | D:7      | Reached skill level 5 in Fighting
  5936 | D:7      | Reached XP level 9. HP: 41/54 MP: 9/9
  5972 | D:7      | Found a sparkling altar of Nemelex Xobeh.
  6014 | D:7      | Found a radiant altar of Vehumet.
  6044 | D:7      | Killed Prince Ribbit
  6166 | D:7      | Noticed Pikel
  7300 | D:9      | Identified the Compendium of Venom
  7343 | D:9      | Reached XP level 10. HP: 55/64 MP: 10/10
  7550 | D:9      | Noticed Erolcha
  7675 | D:9      | Found Oviubb's Antique Weapon Boutique.
  7852 | D:9      | Killed Erolcha
  8194 | D:9      | Reached skill level 10 in Fighting
  8499 | D:9      | Found a white marble altar of Elyvilon.
  8571 | D:10     | Entered Level 10 of the Dungeon
  8710 | D:10     | Reached XP level 11. HP: 38/73 MP: 11/11
  9494 | D:10     | Noticed a two-headed ogre
  9609 | D:10     | Noticed a cyclops
  9853 | D:10     | Noticed a two-headed ogre
  9973 | D:11     | Found a hazy altar of Hepliaklqana.
 10083 | D:11     | Noticed a four-headed hydra
 10107 | D:11     | Killed a four-headed hydra
 10213 | D:11     | Found Ponus's Assorted Antiques.
 10221 | D:11     | Bought a scroll labeled PESIOR AKIRO for 20 gold pieces
 10221 | D:11     | Bought a pair of pitted gloves for 190 gold pieces
 10221 | D:11     | Bought a sedimented dark potion for 18 gold pieces
 10226 | D:11     | Identified the +1 pair of gloves "Ifonaluozukk" {Str+6} (You bought it in a shop on level 11 of the Dungeon)
 10272 | D:11     | Noticed a death yak
 10293 | D:11     | Noticed a death yak
 10343 | D:10     | Killed a cyclops
 10473 | D:11     | Noticed a death yak
 10474 | D:11     | Noticed a death yak
 10605 | D:11     | Noticed a death yak
 10605 | D:11     | Noticed a death yak
 10757 | D:11     | Found a staircase to the Lair.
 10815 | D:11     | Killed a death yak
 10823 | D:11     | Killed a death yak
 11462 | D:11     | Noticed a death yak
 11464 | D:11     | Killed a death yak
 11470 | D:11     | Killed a death yak
 11499 | D:11     | Killed a death yak
 11499 | D:11     | Reached skill level 5 in Armour
 11560 | D:11     | Killed a death yak
 11560 | D:11     | Reached XP level 12. HP: 81/81 MP: 12/12
 11566 | D:11     | Killed a death yak
 11803 | D:11     | Found a staircase to the Orcish Mines.
 12152 | Lair:1   | Entered Level 1 of the Lair of Beasts
 13004 | Lair:1   | Noticed Sonja
 13016 | Lair:1   | Killed Sonja
 13495 | Lair:2   | Found a frozen archway.
 13508 | IceCv    | Entered an ice cave
 13707 | Lair:2   | Reached skill level 15 in Maces & Flails
 14058 | Lair:2   | Found a staircase to the Swamp.
 14373 | Lair:3   | Noticed a five-headed hydra
 14379 | Lair:3   | Killed a five-headed hydra
 14717 | Lair:3   | Reached XP level 13. HP: 74/88 MP: 13/13
 15070 | Lair:3   | Noticed an entropy weaver
 15070 | Lair:3   | a five-headed hydra changed into an entropy weaver
 15210 | Lair:3   | Killed an entropy weaver
 15210 | Lair:3   | Reached skill level 1 in Evocations
 15458 | Lair:4   | Noticed Nessos
 15485 | Lair:4   | Killed Nessos
 16064 | Lair:4   | Found a hole to the Spider Nest.
 17076 | Lair:5   | Got a polished morningstar
 17077 | Lair:5   | Identified the +0 morningstar of Suydidouph {crush, Str-3 Int+8} (You found it on level 5 of the Lair of Beasts)
 17208 | Lair:5   | You fall through a shaft!
 17208 | Lair:6   | Entered Level 6 of the Lair of Beasts
 17227 | Lair:6   | Identified the Volume of Twisted Envenoming
 17398 | Lair:6   | Reached ***** piety under Trog
 17398 | Lair:6   | Reached skill level 5 in Evocations
 17447 | Lair:6   | Gained mutation: Your large and strong wings let you fly indefinitely. [Gargoyle growth]
 17447 | Lair:6   | Reached XP level 14. HP: 96/96 MP: 18/18
 17625 | Lair:6   | Reached skill level 15 in Fighting
 17997 | Lair:6   | Reached skill level 10 in Armour
 18066 | Lair:6   | Identified the Reference Book on the Arsonist
 18502 | Lair:6   | Found a staircase to the Slime Pits.
 18995 | Orc:1    | Entered Level 1 of the Orcish Mines
 19052 | Orc:1    | Noticed Nergalle
 19061 | Orc:1    | Killed Nergalle
 19279 | Orc:1    | Found a roughly hewn altar of Beogh.
 19507 | Orc:2    | Entered Level 2 of the Orcish Mines
 19840 | Orc:2    | Received a gift from Trog
 20193 | Orc:2    | Noticed an orc warlord
 20204 | Orc:2    | Killed an orc warlord
 20502 | Orc:2    | Noticed an orc warlord
 20515 | Orc:2    | Killed an orc warlord
 20635 | Orc:2    | Found a roughly hewn altar of Beogh.
 20643 | Orc:2    | Reached XP level 15. HP: 91/104 MP: 17/20
 20703 | Orc:2    | Found Wufoschue's Book Boutique.
 20722 | Orc:2    | Found Foirut's Book Shop.
 21620 | Orc:2    | Found Cudd's Antique Armour Shop.
 21639 | Orc:2    | Found a roughly hewn altar of Beogh.
 21654 | Orc:2    | Found Xeirgh's Armour Boutique.
 21677 | Orc:2    | Gained mutation: Your spells are a little easier to cast, but a little less powerful. [a neqoxec]
 21773 | Orc:2    | Bought a twisted ring mail for 333 gold pieces
 21783 | Orc:2    | Identified the cursed +0 ring mail of Inviolability {Int+4} (You bought it in a shop on level 2 of the Orcish Mines)
 22049 | Orc:2    | Received a gift from Trog
 22073 | Orc:2    | Found a staircase to the Elven Halls.
 22737 | Spider:1 | Entered Level 1 of the Spider Nest
 24782 | Spider:2 | Reached skill level 5 in Dodging
 24826 | Spider:2 | Received a gift from Trog
 24829 | Spider:2 | Got a warped longbow {god gift}
 24830 | Spider:2 | Identified the +2 longbow of No More Talking {flame, rF+ rC+ Dex+4 Stlth-} (Trog gifted it to you on level 2 of the Spider Nest)
 25465 | Spider:2 | Noticed a ghost moth
 25473 | Spider:2 | Killed a ghost moth
 25789 | Spider:3 | Reached XP level 16. HP: 97/112 MP: 4/21
 26692 | Spider:4 | Entered Level 4 of the Spider Nest
 27039 | Spider:4 | Noticed Asterion
 27051 | Spider:4 | Killed Asterion
 27260 | Spider:4 | Identified 3 scrolls of acquirement
 27268 | Spider:4 | Got a scorched chain mail
 27279 | Spider:4 | Identified the +3 chain mail of Maesiurgh {Str+4} (You acquired it on level 4 of the Spider Nest)
 27818 | Spider:4 | Got a gossamer rune of Zot
 28049 | Swamp:1  | Entered Level 1 of the Swamp
 28095 | Swamp:1  | Noticed Aizul
 28106 | Swamp:1  | Killed Aizul
 28250 | Swamp:1  | Reached XP level 17. HP: 105/119 MP: 6/22
 28996 | Swamp:2  | Noticed a tentacled monstrosity
 29005 | Swamp:2  | Killed a tentacled monstrosity
 30367 | Swamp:3  | Received a gift from Trog
 30853 | Swamp:4  | Entered Level 4 of the Swamp
 30963 | Swamp:4  | Noticed Nikola
 31265 | Swamp:4  | Killed Nikola
 31573 | Swamp:4  | Noticed Jorgrun
 31783 | Swamp:4  | Reached skill level 15 in Armour
 31949 | Swamp:4  | Reached XP level 18. HP: 106/126 MP: 7/23
 32094 | Swamp:4  | Got a decaying rune of Zot
 32184 | Swamp:4  | Killed Jorgrun
 32751 | D:12     | Found a sparkling altar of Nemelex Xobeh.
 32937 | D:12     | Got a pitted hat
 32943 | D:12     | Identified the +2 hat of the Evening Star {rC+ rN+} (You found it on level 12 of the Dungeon)
 32951 | D:12     | Found a deep blue altar of Sif Muna.
 33633 | D:13     | Found Ohoimaf's Gadget Boutique.
 33834 | D:13     | Found a portal to a secret trove of treasure.
 34574 | D:14     | Found a gate to the Vaults.
 34792 | D:14     | Found an iron altar of Okawaru.
 35556 | D:15     | Entered Level 15 of the Dungeon
 35577 | D:15     | Received a gift from Trog
 36485 | D:15     | Found a staircase to the Depths.
 36896 | Depths:1 | Entered Level 1 of the Depths
 36983 | Depths:1 | Found a one-way gate to the infinite horrors of the Abyss.
 37031 | Depths:1 | Reached XP level 19. HP: 123/135 MP: 8/24
 37058 | Depths:1 | Found a gateway to Hell.
 37070 | Depths:1 | Received a gift from Trog
 37334 | Depths:1 | Found Huajen's Blood Bar.
 37338 | Depths:1 | Noticed a lich
 37348 | Depths:1 | Killed a lich
 38075 | Depths:2 | Found an iron altar of Okawaru.
 38894 | Depths:2 | Noticed a tentacled monstrosity
 38909 | Depths:2 | Killed a tentacled monstrosity
 39011 | Depths:2 | Received a gift from Trog
 39284 | Depths:2 | Noticed a lich
 39294 | Depths:2 | Killed a lich
 39461 | Depths:2 | You fall through a shaft!
 39513 | Depths:3 | Reached XP level 20. HP: 86/144 MP: 5/25
 39787 | Depths:3 | Found Utivuy's Weapon Boutique.
 39868 | Depths:3 | Found Fima's Jewellery Shop.
 39948 | Depths:3 | Noticed Mennas
 40013 | Depths:3 | Killed Mennas
 40051 | Depths:3 | Received a gift from Trog
 40522 | Depths:3 | Found Atuprot's Magic Scroll Boutique.
 40531 | Depths:3 | Bought a scroll of acquirement for 624 gold pieces
 40531 | Depths:3 | Bought a scroll of torment for 90 gold pieces
 40531 | Depths:3 | Bought a scroll of teleportation for 36 gold pieces
 40535 | Depths:3 | Got a pair of translucent boots
 40546 | Depths:3 | Identified the +0 pair of boots "Joumishrimu" {MR+} (You acquired it on level 3 of the Depths)
 40706 | Depths:3 | Found Fewe's Food Shoppe.
 40816 | Depths:3 | Found Looqyfoi's Antique Armour Emporium.
 40962 | Depths:3 | Found a one-way gate leading to the halls of Pandemonium.
 41048 | Depths:3 | Found a gateway to a ziggurat.
 41633 | Depths:4 | Noticed Margery
 41650 | Depths:4 | Killed Margery
 41699 | Depths:4 | Got a fine jade ring
 41706 | Depths:4 | Identified the ring "Ruisayp" {rPois Int+2} (You found it on level 4 of the Depths)
 41943 | Depths:4 | Found a shimmering altar of Xom.
 41989 | Depths:4 | Reached XP level 21. HP: 105/152 MP: 6/26
 42140 | Depths:4 | Got a heavily runed lead ring
 42141 | Depths:4 | Identified the ring of Vudiomu {Wiz Int+3} (You found it on level 4 of the Depths)
 42272 | Depths:4 | Noticed Saint Roka
 42302 | Depths:4 | Killed Saint Roka
 42342 | Depths:4 | Got a flickering iron ring
 42351 | Depths:4 | Identified the ring "Emniyluyk" {rElec rPois rN+ MR++ Dex-2} (You took it off a vampire knight on level 4 of the Depths)
 42550 | Depths:4 | Found a glowing silver altar of Zin.
 42557 | Depths:4 | Identified Zouf's Catalogue of Toxins and the Glacier
 43197 | Depths:5 | Entered Level 5 of the Depths
 43256 | Depths:5 | Noticed a caustic shrike
 43258 | Depths:5 | Noticed a juggernaut
 43260 | Depths:5 | Noticed a caustic shrike
 43260 | Depths:5 | Noticed a caustic shrike
 43260 | Depths:5 | Noticed a caustic shrike
 43270 | Depths:4 | Killed a caustic shrike
 43278 | Depths:4 | Killed a juggernaut
 43625 | Depths:4 | Noticed the Enchantress
 43641 | Depths:4 | Killed the Enchantress
 43664 | Depths:4 | Got faerie dragon scales
 43849 | Depths:5 | Paralysed by a great orb of eyes for 6 turns
 43851 | Depths:5 | Noticed a golden dragon
 44580 | Elf:1    | Entered Level 1 of the Elven Halls
 44755 | Elf:1    | Found a deep blue altar of Sif Muna.
 44841 | Elf:1    | Found Befuuquf's Distillery.
 44841 | Elf:1    | Found Niahaon's Distillery.
 44842 | Elf:1    | Found Qoghoz's General Store.
 44846 | Elf:1    | Found Sygiaz's Assorted Antiques.
 44850 | Elf:1    | Bought a potion of heal wounds for 75 gold pieces
 44850 | Elf:1    | Bought 2 potions of might for 120 gold pieces
 44850 | Elf:1    | Bought a potion of haste for 150 gold pieces
 44860 | Elf:1    | Bought a potion of heal wounds for 185 gold pieces
 44863 | Elf:1    | Bought a potion of agility for 60 gold pieces
 44863 | Elf:1    | Bought a potion of mutation for 120 gold pieces
 44863 | Elf:1    | Bought a potion of heal wounds for 75 gold pieces
 44863 | Elf:1    | Bought a potion of haste for 150 gold pieces
 44863 | Elf:1    | Bought a potion of mutation for 120 gold pieces
 44863 | Elf:1    | Lost mutation: Your spells are a little easier to cast, but a little less powerful. [potion of mutation]
 44863 | Elf:1    | Gained mutation: You are frail. (-10% HP) [potion of mutation]
 44863 | Elf:1    | Gained mutation: Your flesh is cold resistant. (rC+) [potion of mutation]
 44863 | Elf:1    | Gained mutation: You have a pair of small antennae on your head. [potion of mutation]
 45149 | Elf:1    | Identified Gushaiga's Grimoire of Companions
 45314 | Elf:2    | Reached XP level 22. HP: 107/144 MP: 5/27
 45660 | Elf:2    | Found Buecitya's Weapon Shoppe.
 45744 | Elf:2    | Found a huge runed gate.
 45744 | Elf:2    | Found a huge runed gate.
 45744 | Elf:2    | Found a huge runed gate.
 45744 | Elf:2    | Found a huge runed gate.
 45744 | Elf:2    | Found a huge runed gate.
 45801 | Elf:2    | Received a gift from Trog
 45831 | Elf:2    | Found Fudeeq's Gadget Shop.
 45836 | Elf:2    | Found Gajitw Alie's Food Shop.
 45839 | Elf:2    | Found Lyamot's Jewellery Shop.
 45841 | Elf:2    | Found Bajan's Armour Shop.
 46506 | Elf:3    | Entered Level 3 of the Elven Halls
 46742 | Elf:3    | Noticed grindst0ne's ghost (adept CeHu)
 47674 | Elf:3    | Killed grindst0ne's ghost
 47815 | Elf:3    | Found the +6 lightning scales {run, rElec}
 47826 | Elf:3    | Lost mutation: You are frail. (-10% HP) [potion of mutation]
 47826 | Elf:3    | Lost mutation: You have a pair of small antennae on your head. [potion of mutation]
 47826 | Elf:3    | Lost mutation: Your flesh is cold resistant. (rC+) [potion of mutation]
 47826 | Elf:3    | Gained mutation: You are frail. (-10% HP) [potion of mutation]
 47826 | Elf:3    | Gained mutation: You have a beak for a mouth. [potion of mutation]
 47991 | Elf:3    | Got a smoking bronze ring
 47994 | Elf:3    | Got a pair of jewelled gloves
 48006 | Elf:3    | Identified the +0 pair of gloves of Vepleg {Int+8 Dex-4 Slay+2 SInv} (You found it on level 3 of the Elven Halls)
 48021 | Elf:3    | Identified the ring "Cyurit" {Fire Slay+2} (You found it on level 3 of the Elven Halls)
 48492 | Vaults:1 | Entered Level 1 of the Vaults
 48636 | Vaults:1 | Reached XP level 23. HP: 143/151 MP: 9/28
 48956 | Vaults:1 | Received a gift from Trog
 50202 | Vaults:2 | Reached ****** piety under Trog
 50256 | Vaults:2 | Received a gift from Trog
 51045 | Vaults:2 | Received a gift from Trog
 51328 | Vaults:2 | Found a staircase to the Crypt.
 51450 | Vaults:3 | Received a gift from Trog
 51471 | Vaults:3 | Paralysed by a wizard for 5 turns
 51799 | Vaults:3 | Reached XP level 24. HP: 149/160 MP: 9/28
 51808 | Vaults:3 | Reached skill level 10 in Dodging
 52853 | Vaults:3 | Noticed Donald
 52860 | Vaults:3 | Killed Donald
 53059 | Vaults:4 | Received a gift from Trog
 54152 | Vaults:4 | Got a fine platinum amulet
 54153 | Vaults:4 | Identified the amulet "Niaxzec" {Harm *Drain Str+4 Dex+4} (You acquired it on level 4 of the Vaults)
 54159 | Vaults:5 | Entered Level 5 of the Vaults
 54305 | Vaults:5 | Reached skill level 27 in Fighting
 54542 | Vaults:4 | Reached XP level 25. HP: 140/168 MP: 9/28
 54642 | Vaults:5 | Found the +6 shillelagh "Devastator" {shatter}
 54652 | Vaults:5 | Noticed Mara
 54663 | Vaults:5 | Killed Mara
 55405 | Vaults:5 | Got a pitted longbow
 55548 | Vaults:5 | Reached skill level 15 in Dodging
 55745 | Vaults:5 | Got a silver rune of Zot
 56308 | Crypt:1  | Entered Level 1 of the Crypt
 56342 | Crypt:1  | Noticed Bai Suzhen
 56348 | Crypt:1  | Killed Bai Suzhen
 56442 | Crypt:1  | Received a gift from Trog
 56656 | Crypt:1  | Received a gift from Trog
 56656 | Crypt:1  | Reached XP level 26. HP: 173/173 MP: 9/28
 56753 | Crypt:1  | Noticed Khufu
 56773 | Crypt:1  | Killed Khufu
 57391 | Crypt:2  | Found a basalt altar of Yredelemnul.
 57518 | Crypt:2  | Paralysed by a vampire knight for 6 turns
 58081 | Crypt:3  | Entered Level 3 of the Crypt
 58119 | Crypt:3  | Received a gift from Trog
 58186 | Crypt:3  | Found an ancient bone altar of Kikubaaqudgha.
 58760 | Crypt:3  | Received a gift from Trog
 58831 | Crypt:3  | Identified the +3 longbow "Puruasti" {freeze, rElec rC- Str+8 Dex-5} (You found it on level 5 of the Vaults)
 58878 | Crypt:3  | Found a staircase to the Tomb.
 58878 | Crypt:3  | Noticed a greater mummy
 58890 | Crypt:3  | Killed a greater mummy
 58924 | Crypt:3  | Got a warped zirconium amulet
 58924 | Crypt:3  | Got a steaming silver ring
 58940 | Crypt:3  | Identified the Volume of Necromancy
 58949 | Crypt:3  | Identified the amulet of the Barracuda {rN+ Regen+} (You found it on level 3 of the Crypt)
 58950 | Crypt:3  | Identified the ring of Jeaples {+Inv rElec rN+ Int+4} (You found it on level 3 of the Crypt)
 59498 | Tomb:1   | Entered Level 1 of the Tomb of the Ancients
 59921 | Hell     | Entered the Vestibule of Hell
 59921 | Hell     | Noticed Geryon
 60064 | Hell     | Killed Geryon
 60237 | Hell     | Found a gateway to the Iron City of Dis.
 60348 | Hell     | Reached XP level 27. HP: 164/179 MP: 9/28
 60695 | Hell     | Received a gift from Trog
 61011 | Hell     | Found a gateway to the ashen valley of Gehenna.
 61055 | Hell     | Found a gateway to the decaying netherworld of Tartarus.
 61143 | Hell     | Found a gateway to the freezing wastes of Cocytus.
 61343 | Dis:1    | Entered Level 1 of the Iron City of Dis
 61940 | Dis:1    | Received a gift from Trog
 61958 | Dis:1    | Got an encrusted great mace {god gift}
 61959 | Dis:1    | Identified the +10 great mace "Newtbane" {flame, *Noise rElec rN+ Int+9} (Trog gifted it to you on level 1 of the Iron City of Dis)
 62927 | Dis:2    | Received a gift from Trog
 63491 | Dis:2    | Found a burning altar of Makhleb.
 63496 | Dis:2    | Received a gift from Trog
 64575 | Dis:3    | Received a gift from Trog
 65065 | Dis:3    | Received a gift from Trog
 65071 | Dis:3    | Got an ichor-stained hunting sling {god gift}
 66258 | Dis:4    | Received a gift from Trog
 67090 | Dis:5    | Received a gift from Trog
 67171 | Dis:5    | Got a shimmering iron amulet
 67174 | Dis:5    | Identified the amulet "Kugudovi" {Gourm rN+ Str+3 Slay-5 Stlth+} (You acquired it on level 5 of the Iron City of Dis)
 67675 | Dis:7    | Entered Level 7 of the Iron City of Dis
 67700 | Dis:7    | Reached skill level 27 in Armour
 67973 | Dis:7    | Received a gift from Trog
 68833 | Dis:7    | Received a gift from Trog
 69191 | Dis:7    | Received a gift from Trog
 69209 | Dis:7    | Identified the +6 hunting sling "Iluyher" {velocity, rN++} (Trog gifted it to you on level 3 of the Iron City of Dis)
 69535 | Dis:7    | Noticed Dispater
 69590 | Dis:7    | Killed Dispater
 69632 | Dis:7    | Got an iron rune of Zot
 70073 | D:13     | You paid a toll of a +7 demon blade to enter a treasure trove
 70074 | Trove    | Entered a treasure trove
 70358 | Tar:1    | Entered Level 1 of Tartarus
 70806 | Tar:1    | Reached skill level 1 in Throwing
 71076 | Tar:1    | Received a gift from Trog
 71622 | Tar:2    | Reached skill level 5 in Throwing
 71757 | Tar:2    | Received a gift from Trog
 72062 | Tar:2    | Reached skill level 10 in Evocations
 72239 | Tar:3    | Received a gift from Trog
 72310 | Tar:3    | Gained mutation: Scrolls take you a little longer to read. [a neqoxec]
 72318 | Tar:3    | Gained mutation: You do not regenerate when monsters are visible. [a neqoxec]
 72811 | Tar:5    | Received a gift from Trog
 72927 | Tar:6    | Received a gift from Trog
 72973 | Tar:6    | Received a gift from Trog
 73172 | Tar:6    | Reached skill level 10 in Throwing
 73189 | Tar:6    | Received a gift from Trog
 73297 | Tar:6    | Gained mutation: Your body sometimes deteriorates upon taking damage. [mutagenic glow]
 73873 | Tar:6    | Gained mutation: Scrolls take you longer to read. [mutagenic glow]
 73951 | Tar:6    | Received a gift from Trog
 74370 | Tar:7    | Entered Level 7 of Tartarus
 74452 | Tar:7    | Paralysed by a vampire knight for 5 turns
 74812 | Tar:7    | Received a gift from Trog
 74971 | Tar:7    | Received a gift from Trog
 75150 | Tar:7    | Lost mutation: Your body sometimes deteriorates upon taking damage. [potion of mutation]
 75150 | Tar:7    | Lost mutation: You are frail. (-10% HP) [potion of mutation]
 75150 | Tar:7    | Lost mutation: Scrolls take you longer to read. [potion of mutation]
 75150 | Tar:7    | Gained mutation: You are somewhat resistant to further mutation. [potion of mutation]
 75446 | Tar:7    | Got a crystal battleaxe
 75453 | Tar:7    | Identified the +5 battleaxe of Equilibrium {drain, rElec rN+ Int-4 Dex+5} (You found it on level 7 of Tartarus)
 75486 | Tar:7    | Noticed an ancient lich
 75493 | Tar:7    | Killed an ancient lich
 75515 | Tar:7    | Noticed an ancient lich
 75521 | Tar:7    | Killed an ancient lich
 75537 | Tar:7    | Received a gift from Trog
 75696 | Tar:7    | Reached skill level 15 in Evocations
 75729 | Tar:7    | Got a steaming amethyst amulet
 75733 | Tar:7    | Identified the amulet "Feojyot" {Harm *Drain Str+7 Int+2} (You acquired it on level 7 of Tartarus)
 76113 | Tar:7    | Received a gift from Trog
 77236 | Tar:7    | Noticed Ereshkigal
 77267 | Tar:7    | Killed Ereshkigal
 77300 | Tar:7    | Got a bone rune of Zot
 77490 | Depths:3 | Bought the ring of Phasing {EV+8} for 2944 gold pieces
 77490 | Depths:3 | Found the ring of Phasing {EV+8}
 77598 | Geh:1    | Entered Level 1 of Gehenna
 77649 | Geh:1    | Received a gift from Trog
 77960 | Geh:1    | Received a gift from Trog
 78143 | Geh:1    | Received a gift from Trog
 79111 | Geh:2    | Received a gift from Trog
 79223 | Geh:2    | Received a gift from Trog
 79432 | Geh:2    | Received a gift from Trog
 79746 | Geh:2    | Received a gift from Trog
 80199 | Geh:2    | Received a gift from Trog
 80333 | Geh:3    | Received a gift from Trog
 80387 | Geh:3    | Received a gift from Trog
 80721 | Geh:4    | You fall through a shaft for 2 floors!
 80823 | Geh:6    | Received a gift from Trog
 81064 | Geh:6    | Found a huge runed gate.
 81064 | Geh:6    | Found a huge runed gate.
 81068 | Geh:6    | Found a huge runed gate.
 81069 | Geh:6    | Found a huge runed gate.
 81069 | Geh:6    | Found a huge runed gate.
 81073 | Geh:6    | Found a huge runed gate.
 81073 | Geh:6    | Found a huge runed gate.
 81136 | Geh:6    | Received a gift from Trog
 81189 | Geh:6    | Found a huge runed gate.
 81192 | Geh:6    | Killed from afar by a hellion

Skill      XL: |  1  2  3  4  5  6  7  8  9 10 11 12 13 14 15 16 17 18 19 20 21 22 23 24 25 26 27 |
---------------+----------------------------------------------------------------------------------+-----
Maces & Flails | 4 5 6 7 9 11 12 13 14 15 16 18 19 20 | 20.0
Fighting       | 5 8 10 12 13 14 16 17 18 20 21 22 23 24 26 27 | 27.0
Armour         | 5 8 11 12 13 15 17 18 20 21 22 23 24 27 | 27.0
Evocations     | 5 7 18 | 18.3
Dodging        | 2 5 7 9 12 15 17 26 | 26.2
Throwing       | 11 | 11.9

Action                   |  1- 3 |  4- 6 |  7- 9 | 10-12 | 13-15 | 16-18 | 19-21 | 22-24 | 25-27 || total
-------------------------+-------+-------+-------+-------+-------+-------+-------+-------+-------++-------
Melee: Mace              |   126 |   135 |       |       |       |       |       |       |       ||   261
       Morningstar       |       |    56 |   371 |   638 |   644 |       |       |       |       ||  1709
       Great mace        |       |       |       |       |   597 |  1353 |  1186 |  1769 |  6281 || 11186
       Peck              |       |       |       |       |       |       |       |   459 |  2080 ||  2539
Throw: Tomahawk          |       |       |       |       |     3 |    11 |       |       |       ||    14
       Throwing net      |       |       |       |       |     2 |       |       |       |       ||     2
       Javelin           |       |       |       |       |       |       |       |       |    35 ||    35
Invok: Berserk           |       |       |     3 |     9 |    10 |     6 |    11 |     1 |     2 ||    42
       Trog's Hand       |       |       |     4 |    12 |    14 |    19 |    19 |    28 |    78 ||   174
       Brothers in Arms  |       |       |       |     7 |     7 |    12 |    11 |    18 |    30 ||    85
       Burn Spellbooks   |       |       |       |       |     2 |     3 |     4 |     5 |     9 ||    23
 Abil: Stop Flying       |       |       |       |       |     1 |     2 |       |       |     1 ||     4
       Fly               |       |       |       |       |     1 |     1 |       |       |     1 ||     3
Evoke: Wand              |       |       |     2 |     5 |    19 |    13 |       |     5 |     2 ||    46
       Lightning rod     |       |       |       |       |     3 |     2 |       |     2 |       ||     7
       Box of beasts     |       |       |       |       |     1 |     2 |       |       |     1 ||     4
       Lamp of fire      |       |       |       |       |       |     3 |     1 |     1 |       ||     5
       Phantom mirror    |       |       |       |       |       |       |     1 |       |       ||     1
       Horn of Geryon    |       |       |       |       |       |       |       |       |     3 ||     3
       Phial of floods   |       |       |       |       |       |       |       |       |     1 ||     1
  Use: Scroll            |       |     5 |     2 |     7 |    13 |    14 |    25 |     5 |    29 ||   100
       Potion            |       |     1 |       |     4 |     1 |       |    13 |     8 |    21 ||    48
 Stab: Distracted        |       |       |       |       |       |       |       |     1 |     7 ||     8
  Eat: Chunk             |       |     6 |    12 |    29 |    35 |    35 |    36 |    28 |    20 ||   201
       Ration            |       |     1 |     1 |     3 |     5 |     6 |     4 |     6 |    36 ||    62
Armor: Animal skin       |    13 |       |       |       |       |       |       |       |       ||    13
       Chain mail        |    67 |   108 |   128 |       |       |   668 |   395 |       |       ||  1366
       Skin              |       |    22 |       |       |       |       |       |       |       ||    22
       Plate armour      |       |       |   147 |   441 |  1016 |   189 |       |       |       ||  1793
       Pearl dragon scal |       |       |       |       |       |       |   448 |  1022 |  2756 ||  4226
Dodge: Dodged            |    92 |    96 |   117 |   195 |   578 |  1152 |   940 |  1579 |  7234 || 11983
       Deflected         |       |       |     4 |    21 |     6 |     4 |    30 |    82 |    53 ||   200
Block: Buckler           |       |       |       |       |    46 |       |       |       |       ||    46
